 Dungeon Crawl Stone Soup version 0.30-a0-414-gcb31657 (webtiles) character file.

Game seed: 6166615318373607735

654 PublicAnimeNo1 the Trooper (level 7, -4/42 (56) HPs)
             Began as a Demonspawn Reaver on Dec 7, 2022.
             Was a Follower of Makhleb.
             Slain by a gnoll
             ... wielding a +0 spear
              (7 damage)
             ... on level 5 of the Dungeon.
             The game lasted 00:10:56 (4784 turns).

PublicAnimeNo1 the Trooper (Demonspawn Reaver)      Turns: 4784, Time: 00:10:57

HP:   -4/42 (56)    AC:  3    Str: 12    XL:     7   Next: 29%
MP:   10/10         EV: 11    Int: 16    God:    Makhleb [*.....]
Gold: 266           SH:  0    Dex: 12    Spells: 7/10 levels left

rFire   + . .      SeeInvis .    a - +1 short sword (spect)
rCold   . . .      Faith    .    (no shield)
rNeg    . . .      Spirit   .    b - +0 leather armour
rPois   .          Reflect  .    (no helmet)
rElec   .          Harm     .    (no cloak)
rCorr   .          Rampage  .    (no gloves)
Will    .....                    (no boots)
Stlth   ++........               (no amulet)
HPRegen 0.27/turn                l - ring of protection from fire
MPRegen 0.12/turn                (no ring)

@: very heavily drained
A: hooves 1, ignite blood 1, powered by pain 1
a: Renounce Religion


You were on level 5 of the Dungeon.
You worshipped Makhleb.
Makhleb was aware of your devotion.
You visited 1 branch of the dungeon, and saw 5 of its levels.

You collected 266 gold pieces.

Inventory:

Hand Weapons
 a - a +1 spectral short sword (weapon)
Armour
 b - a +0 leather armour (worn)
 h - a +0 helmet
 p - a +2 pair of gloves
Jewellery
 l - a ring of protection from fire (left hand)
 q - a ring of flight
 w - a ring of fire
Wands
 g - a wand of digging (6)
Scrolls
 e - 3 scrolls of enchant weapon
 i - a scroll of enchant armour {unknown}
 k - 4 scrolls of identify {unknown}
 u - a scroll of teleportation
 v - a scroll of noise {unknown}
Potions
 c - 2 potions of haste
 d - a potion of cancellation
 f - a potion of ambrosia {unknown}
 j - a potion of resistance {unknown}
 m - 2 potions of lignification
 n - 3 potions of curing
 o - 2 potions of invisibility {unknown}
 r - a potion of heal wounds {unknown}
 s - a potion of flight {unknown}
 t - a potion of brilliance {unknown}
 x - 2 potions of magic {unknown}


   Skills:
 + Level 5.1 Fighting
 + Level 3.8 Short Blades
 - Level 1.7 Dodging
 + Level 3.3 Stealth
 - Level 2.0 Spellcasting
 - Level 3.0 Conjurations
 - Level 2.0 Necromancy
 + Level 1.3 Translocations
 + Level 3.6 Invocations


You had 7 spell levels left.
You knew the following spells:

 Your Spells              Type           Power      Damage    Failure   Level
a - Kiss of Death         Conj/Necr      36%        2d8       10%         1
b - Momentum Strike       Conj/Tloc      16%        3d8       16%         2

Your spell library contained the following spells:

 Spells                   Type           Power      Damage    Failure   Level
 Sandblast                Erth           2%         2d4       26%         1
 Passwall                 Tmut/Erth      0%         N/A       36%         2
 Dazzling Flash           Conj/Hex       12%        N/A       38%         3
 Hailstorm                Conj/Ice       6%         3d4       38%         3
 Stone Arrow              Conj/Erth      12%        3d7       38%         3
 Kindle Blastsparks       Fire/Tloc/Air  6%         2d10      54%         3
 Ignite Poison            Fire/Tmut/Pois 1%         N/A       61%         3
 Iskenderun's Battlesphe  Conj           11%        2d7       91%         5
 Airstrike                Air            0%         2d(1-17)  95%         4
 Agony                    Necr           8%         N/A       97%         5
 Lightning Bolt           Conj/Air       3%         1d14      98%         5
 Freezing Cloud           Conj/Ice/Air   2%         6-21      99%         5
 Silence                  Hex/Air        0%         N/A       100%        5
 Iron Shot                Conj/Erth      3%         9d2       100%        6


Dungeon Overview and Level Annotations

Branches:
Dungeon (5/15)
 Temple: D:4-7

Altars:
Makhleb

Shops:
D:3 [[


Innate Abilities, Weirdness & Mutations

You have large cloven feet.
Your demonic aura sometimes causes spilled blood to erupt in flames.
You sometimes gain a little power by taking damage.


Message History

A gnoll comes into view. It is wielding a +1 vampiric spear.
A gnoll is nearby!
A gnoll is nearby! 2 gnolls come into view.
Found 3 gold pieces.
The gnoll shouts! x3; You hear a shout!
Unknown command.
The gnoll barely misses you.
The gnoll hits you with a +1 vampiric spear.
The gnoll hits you from afar with a +0 spear.
You hit the gnoll. You kick the gnoll.
The gnoll is moderately wounded.
Your +1 spectral short sword hits the gnoll!
The gnoll barely misses your +1 spectral short sword.
The gnoll hits you from afar with a +0 spear.
You strike the helpless gnoll from behind!
You hit the gnoll.
You kill the gnoll!
Makhleb accepts your kill.
The gnoll hits you from afar with a +0 spear.
There are monsters nearby!
The gnoll hits you with a +0 spear. The gnoll closely misses you.
You hit the gnoll. You kick the gnoll, but do no damage.
The gnoll is moderately wounded.
Your +1 spectral short sword hits the gnoll.
The gnoll hits you with a +0 spear.
You barely miss the gnoll. You kick the gnoll.
The gnoll is heavily wounded.
Your +1 spectral short sword closely misses the gnoll.
The gnoll hits you from afar with a +0 halberd!
* * * LOW HITPOINT WARNING * * *
You hit the gnoll but do no damage.
The gnoll is heavily wounded.
Your +1 spectral short sword hits the gnoll but does no damage.
The gnoll hits you with a +0 spear.
* * * LOW HITPOINT WARNING * * *
The gnoll hits you from afar with a +0 halberd.
* * * LOW HITPOINT WARNING * * *
The gnoll attacks as you move away! The gnoll hits you with a +0 spear!
You die...

####### #...@(# ##########
#.###g# .........# #.# #g#
####>###.# #.# #.#############
#..##.# #.# #.).g..........
#...#.####.#######..~...####..
#.#................~~~~......P
#.##...............~~~~.......
#.##....##########.~~~~.......


You could see 2 gnolls and a friendly +1 spectral short sword (summoned).

Vanquished Creatures
  A water moccasin (D:5)
  Duvessa (D:5)
  An ogre (D:4)
  2 lemures (D:4)
  Dowan (D:5)
  A howler monkey (D:4)
  2 bullfrog zombies (D:5)
  2 jellies (D:4)
  An iguana (D:4)
  A gnoll (D:5)
  5 adders
  An ufetubus (D:4)
  3 worms
  5 dart slugs
  9 orcs (D:3)
  5 ball pythons
  8 endoplasms
  11 giant cockroaches
  5 goblins
  4 hobgoblins
  17 jackals
  5 kobolds
  4 quokkas
  8 bats
  3 frilled lizards
  15 rats
121 creatures vanquished.

Vanquished Creatures (others)
  An adder (D:5)
  A white imp (D:5)
  An ufetubus (D:5)
  A goblin (D:4)
  3 withered plants (D:5)
7 creatures vanquished.

Grand Total: 128 creatures vanquished

Notes
Turn   | Place    | Note
-------+----------+-------------------------------------------
     0 | D:1      | PublicAnimeNo1 the Demonspawn Reaver began the quest for
                  | the Orb.
     0 | D:1      | Reached XP level 1. HP: 16/16 MP: 3/3
   227 | D:1      | Gained mutation: You sometimes gain a little power by
                  | taking damage. [demonic ancestry]
   227 | D:1      | Reached XP level 2. HP: 11/21 MP: 3/5
   320 | D:1      | Reached skill level 3 in Fighting
   589 | D:1      | Reached XP level 3. HP: 25/29 MP: 6/6
  1220 | D:2      | Reached skill level 1 in Necromancy
  1221 | D:2      | Reached skill level 1 in Stealth
  1221 | D:2      | Reached XP level 4. HP: 27/29 MP: 4/7
  1364 | D:2      | Reached skill level 4 in Fighting
  2142 | D:3      | Found Jimetups's Antique Armour Emporium.
  2337 | D:3      | Found a faded altar of an unknown god.
  2382 | D:3      | Found a burning altar of Makhleb.
  2412 | D:3      | Became a worshipper of Makhleb the Destroyer
  2627 | D:3      | Found Ocob's Antique Armour Emporium.
  2741 | D:3      | Gained mutation: Your demonic aura sometimes causes spilled
                  | blood to erupt in flames. [demonic ancestry]
  2741 | D:3      | Reached XP level 5. HP: 39/41 MP: 8/8
  3192 | D:4      | Got the Anthology of Decompression
  3202 | D:4      | Noticed a lemure
  3202 | D:4      | Noticed a lemure
  3221 | D:4      | Killed a lemure
  3229 | D:4      | Killed a lemure
  3333 | D:4      | Reached skill level 1 in Invocations
  3519 | D:4      | Reached * piety under Makhleb
  3529 | D:4      | Gained mutation: You have large cloven feet. [demonic
                  | ancestry]
  3529 | D:4      | Reached XP level 6. HP: 5/40 MP: 5/9
  3781 | D:4      | Learned a level 2 spell: Momentum Strike
  3978 | D:5      | Entered Level 5 of the Dungeon
  4315 | D:5      | Noticed Duvessa
  4315 | D:5      | Noticed a water moccasin
  4329 | D:5      | Killed a water moccasin
  4330 | D:5      | Reached skill level 5 in Fighting
  4365 | D:5      | Killed Duvessa
  4366 | D:5      | Reached skill level 1 in Translocations
  4366 | D:5      | Reached XP level 7. HP: 12/45 MP: 2/10
  4640 | D:5      | Noticed Dowan
  4652 | D:5      | Killed Dowan
  4784 | D:5      | Slain by a gnoll

Illustrated notes

Levels and vault maps discovered:
D:1:      dpeg_arrival_signposts, layout_loops_ring, minmay_rat_gold_closets
D:2:      minmay_roachtagon, layout_basic, serial_bayou_lagoon_b
D:3:      layout_loops_ring, lemuel_crystal_altar, serial_shops,
          nicolae_shop_hallway_stairs, shop,
          hellmonk_ecumenical_altar_prayer_group, serial_glass, glass_columns_a,
          glass_columns_c, glass_columns_b
D:4:      layout_basic, uniq_pikel
D:5:      layout_basic, mainiacjoe_overflow_swirl, minmay_temple_entry_slanted,
          serial_undead, serial_undead_b, serial_undead_e, serial_undead_c,
          serial_undead_f, uniq_duvessa, uniq_sigmund

Skill      XL: |  1  2  3  4  5  6 |
---------------+-------------------+-----
Fighting       | 3 4 5 |  5.1
Necromancy     | 1 2 |  2.0
Stealth        | 1 2 3 |  3.3
Invocations    | 2 3 |  3.6
Short Blades   | 3 |  3.8
Translocations | 1 |  1.3
Dodging        | |  1.7
Spellcasting   | |  2.0
Conjurations   | |  3.0

Action                   |  1- 3 |  4- 6 |  7- 9 || total
-------------------------+-------+-------+-------++-------
Melee: Short sword       |   153 |   230 |    16 ||   399
       Punch             |       |     6 |       ||     6
       Kick              |       |    14 |     6 ||    20
 Cast: Kiss of Death     |     4 |     6 |     1 ||    11
       Momentum Strike   |       |     8 |     3 ||    11
  Use: Scroll            |     2 |     2 |       ||     4
       Potion            |       |     3 |       ||     3
 Stab: Sleeping          |     1 |     3 |       ||     4
       Distracted        |       |     2 |     1 ||     3
Armor: Leather armour    |    54 |    53 |     1 ||   108
       Skin              |       |     1 |       ||     1
Dodge: Dodged            |    96 |   106 |     6 ||   208

Table legend: (Time is in decaauts)
 A = Elapsed time spent in this place.
 B = Non-inter-level travel time spent in this place.
 C = Inter-level travel time spent in this place.
 D = Time resting spent in this place.
 E = Time spent auto-exploring this place.
 F = Levels seen in this place.
 G = Mean time per level.
                   A        B        C        D        E       F      G
               +--------+--------+--------+--------+--------+-----+--------+
         Total |   4744 |   4597 |    147 |    461 |   3275 |   5 |  948.8 |
       Dungeon |   4744 |   4597 |    147 |    461 |   3275 |   5 |  948.8 |
               +--------+--------+--------+--------+--------+-----+--------+

Top non-repeatable levels by time:
     D:2: 1065 daAuts
     D:1: 1062 daAuts
     D:3: 973 daAuts
     D:4: 845 daAuts
     D:5: 797 daAuts
